 Dungeon Crawl Stone Soup version 0.21-a0-521-g1cd18d1 (webtiles) character file.

981 pkoi the Grappler (level 7, -11/51 HPs)
             Began as a Demonspawn Gladiator on Dec 6, 2017.
             Was an Initiate of Makhleb.
             Killed by divine providence
             ... invoked by an orc priest
              (16 damage)
             ... on level 5 of the Dungeon.
             The game lasted 00:08:15 (5551 turns).

pkoi the Grappler (Demonspawn Gladiator)            Turns: 5551, Time: 00:08:15

Health: -11/51     AC:  6    Str: 19    XL:     7   Next: 96%
Magic:  17/17      EV: 12    Int:  9    God:    Makhleb [......]
Gold:   179        SH:  0    Dex: 14    Spells: 6/6 levels left

rFire    . . .     SeeInvis .     - Unarmed
rCold    . . .     Gourm    .   (no shield)
rNeg     . . .     Faith    .   a - +0 leather armour
rPois    .         Spirit   .   e - +2 hat
rElec    .         Reflect  .   (no cloak)
rCorr    .         Harm     .   (no gloves)
MR       .....                  (no boots)
Stlth    +.........             (no amulet)
HPRegen  0.17/turn              t - ring of magical power
MPRegen  0.15/turn              i - +2 ring of strength

@: no status effects
A: claws 1, rugged brown scales 1, powered by pain 1
a: Renounce Religion


You were on level 5 of the Dungeon.
You worshipped Makhleb.
Makhleb was noncommittal.
You were not hungry.

You visited 2 branches of the dungeon, and saw 6 of its levels.

You collected 179 gold pieces.

Inventory:

Missiles
 c - 4 throwing nets (quivered)
 f - 5 javelins
Armour
 a - a +0 leather armour (worn)
 b - a +0 helmet
 e - a +2 hat (worn)
 k - a +0 pair of gloves
Jewellery
 i - a +2 ring of strength (right claw)
 t - a ring of magical power (left claw)
 w - a +3 ring of evasion {unknown}
Scrolls
 j - 2 scrolls of remove curse
 l - 4 scrolls of identify
 m - 2 scrolls of fog
 p - a scroll of teleportation
 s - a scroll of enchant weapon
Potions
 h - a potion of curing
 n - a potion of brilliance
 o - 2 potions of flight
 q - a potion of heal wounds
 v - a potion of lignification {unknown}
Comestibles
 d - 2 bread rations
 g - a meat ration
 r - a chunk of flesh


   Skills:
 - Level 2.0 Fighting
 - Level 1.7 Throwing
 - Level 2.6 Dodging
 + Level 8.7 Unarmed Combat
 - Level 2.3 Invocations


You had 6 spell levels left.
You didn't know any spells.

Dungeon Overview and Level Annotations

Branches:
Dungeon (5/15)             Temple (1/1) D:4

Altars:
Ashenzari
Dithmenos
Elyvilon
Fedhas
Gozag
Hepliaklqana
Kikubaaqudgha
Makhleb
Okawaru
Qazlal
Ru
Sif Muna
Trog
Uskayaw
Vehumet
Wu Jian
Xom
Yredelemnul
Zin
The Shining One

Shops:
D:2 *   D:4 *


Innate Abilities, Weirdness & Mutations

You have sharp fingernails.
You are partially covered in rugged brown scales. (AC +1, +3% HP)
You sometimes gain a little power by taking damage.


Message History

The jackal bites you.
* * * LOW HITPOINT WARNING * * *
You claw the jackal!
You kill the jackal!
Makhleb accepts your kill.
You claw the jackal!
You kill the jackal!
Makhleb accepts your kill.
The orc priest invokes the aid of Beogh against you.
Beogh smites you!
* * * LOW HITPOINT WARNING * * *
You hear a shout!
Things that are here:
a giant club; a jackal corpse x2
You claw the orc priest!
The orc priest is severely wounded.
You hear a shout!
The orc priest calls down the wrath of Beogh upon you.
Beogh smites you!
You die...

###.. .## ... ..
... .. .>. . #
#.#.# #.##.#.#
#......# #+# #o#
#.# #@# #.# #†#
##.## #.# ##...##
#.# ###.....#
#.########.......#
#..........###....
############ #....
#.... #.###


You could see an orc priest.

Vanquished Creatures
  An ice beast (D:5)
  4 ogres
  Blork the orc (D:4)
  A howler monkey (D:5)
  An orc priest (D:5)
  Natasha (twice) (D:4)
  5 orc wizards
  2 worker ants (D:4)
  7 gnolls
  4 adders
  An ooze (D:1)
  4 worms
  2 leopard geckos (D:1)
  6 orcs
  6 giant cockroaches
  6 goblins
  3 hobgoblins
  9 jackals
  3 quokkas
  A ball python (D:2)
  6 bats
  2 frilled lizards
  7 kobolds
  A quokka skeleton (D:5)
  6 rats
91 creatures vanquished.

Notes
Turn   | Place    | Note
-------+----------+-------------------------------------------
     0 | D:1      | pkoi the Demonspawn Gladiator began the quest for the Orb.
     0 | D:1      | Reached XP level 1. HP: 16/16 MP: 1/1
   176 | D:1      | Reached skill level 3 in Unarmed Combat
   207 | D:1      | Gained mutation: You are partially covered in rugged brown scales. (AC +1, +3% HP) [demonic ancestry]
   207 | D:1      | Reached XP level 2. HP: 14/22 MP: 2/2
   974 | D:2      | Gained mutation: You have sharp fingernails. [demonic ancestry]
   974 | D:2      | Reached XP level 3. HP: 25/27 MP: 3/3
   977 | D:2      | Found Gozag's Platinum Reserve.
   978 | D:2      | Found an opulent altar of Gozag.
   994 | D:2      | Reached skill level 4 in Unarmed Combat
  2653 | D:3      | Found a shattered altar of Ashenzari.
  2666 | D:3      | Gained mutation: You sometimes gain a little power by taking damage. [demonic ancestry]
  2666 | D:3      | Reached XP level 4. HP: 33/33 MP: 4/4
  2989 | D:2      | Reached skill level 5 in Unarmed Combat
  3175 | D:3      | Reached XP level 5. HP: 20/39 MP: 5/5
  3808 | D:4      | Noticed Natasha
  3814 | D:4      | Killed Natasha
  3874 | D:4      | Found a basalt altar of Yredelemnul.
  3883 | D:4      | Noticed an ogre
  3953 | D:4      | Noticed Blork the orc
  3997 | D:4      | Killed Blork the orc
  3997 | D:4      | Reached skill level 6 in Unarmed Combat
  3997 | D:4      | Reached XP level 6. HP: 24/45 MP: 6/6
  4087 | D:4      | Noticed Natasha
  4100 | D:4      | Killed Natasha
  4197 | D:4      | Found Ytyifaf's Assorted Antiques.
  4291 | D:4      | Found a staircase to the Ecumenical Temple.
  4300 | Temple   | Entered the Ecumenical Temple
  4309 | Temple   | Became a worshipper of Makhleb the Destroyer
  4455 | D:4      | Found a glowing drain.
  4572 | D:4      | Reached skill level 1 in Invocations
  4819 | D:5      | Entered Level 5 of the Dungeon
  4821 | D:5      | Noticed an ice beast
  4857 | D:5      | Reached skill level 7 in Unarmed Combat
  4874 | D:5      | Reached XP level 7. HP: 26/51 MP: 8/8
  5286 | D:5      | Reached skill level 8 in Unarmed Combat
  5363 | D:5      | Found an ancient bone altar of Kikubaaqudgha.
  5365 | D:5      | Found a bloodstained altar of Trog.
  5368 | D:5      | Found a glowing silver altar of Zin.
  5551 | D:5      | Killed from afar by an orc priest

Vault maps used:
D:1:      elethiomel_arrival_infinity_welcomes_careful_drivers,
          minmay_split_cup_large
D:2:      minmay_door_path, nicolae_gozag_zags_fifth_avenue
D:3:      nicolae_ashenzari_panopticon
D:4:      yredelemnul_altar_generic, minmay_temple_entry_poolview,
          cheibrodos_sewer_entry_bend, kennysheep_windowed_goal, uniq_natasha,
          uniq_blork_the_orc
D:5:      kennysheep_slug_shrine, nemelex_xobeh_ov_fountains_minmay,
          grunt_temple_overflow_open, first_bread
Temple:   nicolae_temple_no_exploring_needed

Skill      XL: |  1  2  3  4  5  6  7 |
---------------+----------------------+-----
Unarmed Combat | 3 4 5 6 7 8 |  8.7
Invocations    | 2 |  2.3
Fighting       | |  2.0
Throwing       | |  1.7
Dodging        | |  2.6

Action                   |  1- 3 |  4- 6 |  7- 9 || total
-------------------------+-------+-------+-------++-------
Melee: Unarmed           |   145 |   162 |    66 ||   373
       Punch             |       |     1 |       ||     1
  Use: Scroll            |     3 |     5 |       ||     8
       Potion            |       |     6 |       ||     6
 Stab: Sleeping          |     1 |     1 |       ||     2
  Eat: Chunk             |     5 |     8 |     2 ||    15
Armor: Leather armour    |    42 |    48 |    12 ||   102
Dodge: Dodged            |    95 |    93 |    23 ||   211

Table legend:
 A = Spawn XP
 B = Non-spawn XP
 C = Spawn XP percentage of total XP
 D = Spawn monster count
 E = Non-spawn monster count
 F = Spawn count percentage of total count
 G = Total turns spent on level
                    A         B        C        D         E        F      G
               +---------+---------+-------+---------+---------+-------+---------
         Total |       0 |    1402 |   0.0 |       0 |      91 |   0.0 |  5551
               +---------+---------+-------+---------+---------+-------+---------
           D:1 |       0 |      39 |   0.0 |       0 |      20 |   0.0 |   961
           D:2 |       0 |     111 |   0.0 |       0 |      18 |   0.0 |  1790
           D:3 |       0 |      61 |   0.0 |       0 |      15 |   0.0 |  1160
           D:4 |       0 |     443 |   0.0 |       0 |      18 |   0.0 |   889
           D:5 |       0 |     748 |   0.0 |       0 |      20 |   0.0 |   732
               +---------+---------+-------+---------+---------+-------+---------
